 Dungeon Crawl Stone Soup version 0.31-a0-1603-gbec6b6ccbf (webtiles) character file.

Game seed: 6473200719347580694

280 Laraso the Shooter (level 6, -11/44 HPs)
             Began as a Demonspawn Hunter on Jan 7, 2024.
             Mangled by an ogre
             ... wielding a +0 giant club
              (12 damage)
             ... on level 3 of the Dungeon.
             The game lasted 00:06:05 (2597 turns).

Laraso the Shooter (Demonspawn Hunter)              Turns: 2597, Time: 00:06:06

Health: -11/44     AC:  9    Str: 11    XL:     6   Next: 5%
Magic:  6/6        EV: 12    Int: 10    God:
Gold:   241        SH:  0    Dex: 18    Spells: 5/5 levels left

rFire   . . .        b - +2 short sword (venom)
rCold   . . .        (no shield)
rNeg    . . .        o - +0 scale mail
rPois   .            (helmet restricted)
rElec   .            e - +0 cloak
rCorr   .            (no gloves)
SInv    .            q - +1 pair of boots
Will    .....        (no amulet)
Stlth   ++           (no ring)
HPRegen 0.27/turn    (no ring)
MPRegen 0.10/turn

%: no passive effects
@: hasted, very quick
A: antennae 1, sturdy frame 3
a: no special abilities


You were on level 3 of the Dungeon.
You visited 1 branch of the dungeon, and saw 4 of its levels.

You collected 241 gold pieces.

Inventory:

Hand Weapons
 a - a +0 shortbow
 b - a +2 short sword of venom (weapon)
Armour
 e - a +0 cloak (worn)
 o - a +0 scale mail (worn)
 q - a +1 pair of boots (worn)
Jewellery
 n - a ring of fire
Scrolls
 c - a scroll of poison
 f - a scroll of butterflies
 h - a scroll of revelation {unknown}
 m - a scroll of enchant weapon
 p - a scroll of enchant armour {unknown}
Potions
 g - a potion of magic
 i - a potion of enlightenment
 j - a potion of heal wounds {unknown}
 k - a potion of might
 l - a potion of haste


   Skills:
 - Level 2.0 Fighting
 * Level 6.7 Ranged Weapons
 - Level 1.7 Dodging
 - Level 0.8 Stealth


You had 5 spell levels left.
You didn't know any spells.
Your spell library was empty.

Dungeon Overview and Level Annotations

Branches:
Dungeon (4/15)
 Temple: D:4-7

Altars:
Fedhas
Qazlal
Ru
Yredelemnul

Annotations:
D:4 Sigmund


Innate Abilities, Weirdness & Mutations

You have a pair of small antennae on your head.
Your movements are significantly less encumbered by armour. (ER -6)


Message History

You shoot an arrow. The arrow hits the ogre.
The ogre shouts!
The ogre is lightly wounded.
You hear a shout! x2
Your +2 short sword of venom begins to drip with poison!
b - a +2 short sword of venom (weapon)
Unknown command.
You hit the ogre but do no damage.
The ogre is lightly wounded.
A gnoll comes into view. It is wielding a +0 spear.
The ogre closely misses you.
You hit the ogre.
The ogre is poisoned.
The ogre is lightly wounded.
A gnoll comes into view. It is wielding a +0 whip.
The ogre hits you with a +0 giant club!
Unknown command.
The gnoll hits you but does no damage.
You climb upwards.
There is a stone staircase leading down here.
Unknown command.
You hit the ogre.
The ogre is heavily wounded.
The ogre hits you with a +0 giant club!!
Ouch! That really hurt!
* * * LOW HITPOINT WARNING * * *
Unknown command.
You feel better. The ogre hits you with a +0 giant club!
* * * LOW HITPOINT WARNING * * *
Hit: b) +2 short sword (venom)
Press: ? - help, Dir - move target, f - ogre
Aim: an ogre, wielding a +0 giant club (severely wounded, very poisoned, about 21% to evade your +2 short sword of venom)
Okay, then.
You aren't carrying any items that you can evoke.
Okay, then.
Okay, then.
You hit the ogre.
The ogre looks as sick as possible!
The ogre is severely wounded.
It was a potion of haste.
You feel yourself speed up. The ogre hits you with a +0 giant club!
You die...

#.......# #.......#
####.#### #.#
##.###########
##...##.......###
#................
####O...##.##.>#.##≈
#..@...........#.##≈
#.##.#####..#.##.##≈
#.##.# #..#.##.##≈
#.##.#####..#.##.###
#.......##..#.##.###
####.##.##..).#.>...
##.#...#^......###
##...........#.##
#..##...####.#.#


You could see an ogre (extremely poisoned).

Vanquished Creatures
  An ice beast (D:4)
  A sleepcap (D:4)
  Natasha (D:2)
  An adder (D:3)
  3 gnolls (D:2)
  A ribbon worm (D:2)
  3 dart slugs
  4 orcs (D:3)
  9 endoplasms
  3 giant cockroaches (D:3)
  3 goblins
  6 hobgoblins
  7 jackals
  7 quokkas
  14 ball pythons
  5 bats
  6 frilled lizards
  5 kobolds
  7 rats
87 creatures vanquished.

Notes
Turn   | Place    | Note
-------+----------+-------------------------------------------
     0 | D:1      | Laraso the Demonspawn Hunter began the quest for the Orb.
     0 | D:1      | Reached XP level 1. HP: 16/16 MP: 1/1
   167 | D:1      | Reached skill level 4 in Ranged Weapons
   182 | D:1      | Gained mutation: Your movements are slightly less
                  | encumbered by armour. (ER -2) [demonic ancestry]
   182 | D:1      | Reached XP level 2. HP: 22/22 MP: 2/2
   440 | D:1      | Gained mutation: Your movements are less encumbered by
                  | armour. (ER -4) [demonic ancestry]
   440 | D:1      | Reached XP level 3. HP: 27/27 MP: 3/3
   740 | D:2      | Found a faded altar of an unknown god.
  1085 | D:2      | Reached skill level 5 in Ranged Weapons
  1088 | D:2      | Reached XP level 4. HP: 30/33 MP: 4/4
  1206 | D:2      | Found a stormy altar of Qazlal.
  1345 | D:2      | Noticed Natasha
  1372 | D:2      | Killed Natasha
  1656 | D:3      | Gained mutation: You have a pair of small antennae on your
                  | head. [demonic ancestry]
  1656 | D:3      | Reached XP level 5. HP: 38/38 MP: 5/5
  2349 | D:4      | Found a sacrificial altar of Ru.
  2349 | D:4      | Found a blossoming altar of Fedhas.
  2349 | D:4      | Found a basalt altar of Yredelemnul.
  2349 | D:4      | Found a stormy altar of Qazlal.
  2366 | D:4      | Reached skill level 6 in Ranged Weapons
  2381 | D:4      | Noticed an ice beast
  2424 | D:4      | Killed an ice beast
  2546 | D:4      | Gained mutation: Your movements are significantly less
                  | encumbered by armour. (ER -6) [demonic ancestry]
  2546 | D:4      | Reached XP level 6. HP: 44/44 MP: 6/6
  2547 | D:4      | Noticed Sigmund
  2595 | D:3      | HP: 1/44 [ogre/+0 giant club (16)]
  2597 | D:3      | Mangled by an ogre

Illustrated notes

Levels and vault maps discovered:
D:1:      dpeg_arrival_prison, layout_loops_ring
D:2:      layout_rooms, shapermc_ecumenical_altar_mp_highgroup, basic_altar,
          chequers_serial_rivers_large_a, uniq_natasha
D:3:      layout_loops_ring, serial_rivers, chequers_serial_rivers_room_b,
          chequers_serial_rivers_small_a, chequers_serial_rivers_micro_d,
          chequers_serial_rivers_micro_e, chequers_serial_rivers_micro_c
D:4:      layout_cave_pools, chequers_temple_overflow_statue_of_worship,
          minmay_temple_entry_nine_rooms, uniq_sigmund

Skill      XL: |  1  2  3  4  5 |
---------------+----------------+-----
Ranged Weapons | 4 5 6 |  6.7
Fighting       | |  2.0
Dodging        | |  1.7
Stealth        | |  0.8

Action                     |  1- 3 |  4- 6 || total
---------------------------+-------+-------++-------
  Melee: Short sword       |     4 |    41 ||    45
         Punch             |       |     1 ||     1
   Fire: Shortbow          |   112 |   135 ||   247
    Use: Scroll            |     2 |     2 ||     4
         Potion            |       |     4 ||     4
 Armour: Leather armour    |    23 |       ||    23
         Ring mail         |     5 |    22 ||    27
         Scale mail        |       |    16 ||    16
  Dodge: Dodged            |    36 |    45 ||    81

Table legend: (Time is in decaauts)
 A = Elapsed time spent in this place.
 B = Non-inter-level travel time spent in this place.
 C = Inter-level travel time spent in this place.
 D = Time resting spent in this place.
 E = Time spent auto-exploring this place.
 F = Levels seen in this place.
 G = Mean time per level.
                   A        B        C        D        E       F      G
               +--------+--------+--------+--------+--------+-----+--------+
         Total |   2651 |   2462 |    189 |     38 |   1748 |   4 |  662.8 |
       Dungeon |   2651 |   2462 |    189 |     38 |   1748 |   4 |  662.8 |
               +--------+--------+--------+--------+--------+-----+--------+

Top non-repeatable levels by time:
     D:3: 880 daAuts
     D:2: 790 daAuts
     D:1: 762 daAuts
     D:4: 217 daAuts
